 Dungeon Crawl Stone Soup version 0.30-a0-777-ga9a30cbeda (webtiles) character file.

Game seed: 14566391381295549754

4774 bobo the Fighter (level 10, -7/72 HPs)
             Began as an Octopode Earth Elementalist on Feb 14, 2023.
             Was an Elder of Sif Muna.
             Mangled by a radroach (shapeshifter) (35 damage)
             ... on level 9 of the Dungeon.
             The game lasted 00:37:17 (11682 turns).

bobo the Fighter (Octopode Earth Elementalist)     Turns: 11682, Time: 00:37:18

Health: -7/72      AC:  1    Str:  7    XL:     10   Next: 47%
Magic:  8/30       EV: 13    Int: 23    God:    Sif Muna [****..]
Gold:   414        SH:  6    Dex: 20    Spells: 12/24 levels left

rFire   x . .      SeeInvis .    k - +6 hammer "Zashrax" {holy, *Rage rF- MP+9 Dex+8}
rCold   . . .      Faith    +    A - +0 buckler
rNeg    . . .      Spirit   .    (helmet restricted)
rPois   .          Reflect  .    E - amulet of faith
rElec   .          Harm     .    o - ring of willpower
rCorr   .          Rampage  .    (no ring)
Will    +....      Rage     20%  (no ring)
Stlth   ++++                     (no ring)
HPRegen 0.32/turn                (no ring)
MPRegen 0.22/turn                (no ring)
                                 (no ring)
                                 (no ring)

@: very slightly contaminated
A: almost no armour, amphibious, 8 rings, camouflage 1, gelatinous body 1,
(nimble swimmer 1), tentacles
a: Renounce Religion, Channel Magic, Forget Spell, Divine Exegesis


You were on level 9 of the Dungeon.
You worshipped Sif Muna.
Sif Muna was greatly pleased with you.
You visited 1 branch of the dungeon, and saw 9 of its levels.
You also visited: Ossuary.

You collected 468 gold pieces.
You spent 54 gold pieces at shops.

Inventory:

Hand Weapons
 k - the +6 hammer "Zashrax" (weapon) {holy, *Rage rF- MP+9 Dex+8}
   (You found it on level 2 of the Dungeon)

   Dex:       It affects your dexterity (+8).
   rF:        It makes you vulnerable to fire.
   MP:        It affects your magic capacity (+9).
   *Rage:     It berserks you when you make melee attacks (+20% chance).
 x - the +8 mace "Biliteg" {vamp, rElec rC+}
   (You found it on level 5 of the Dungeon)

   rC:        It protects you from cold.
   rElec:     It insulates you from electricity.
Armour
 A - a +0 buckler (worn)
Jewellery
 o - a ring of willpower (left tentacle)
 E - an amulet of faith (around mantle)
Wands
 d - a wand of iceblast (6)
 p - a wand of polymorph (10)
 s - a wand of light (6)
 w - a wand of digging (5)
 D - a wand of flame (13)
Scrolls
 c - 9 scrolls of teleportation
 t - a scroll of noise {unknown}
 u - a scroll of magic mapping
 y - a scroll of fear {unknown}
 B - a scroll of enchant armour {unknown}
 C - 3 scrolls of vulnerability
 F - 2 scrolls of blinking {unknown}
 G - a scroll of enchant weapon {unknown}
 H - a scroll of poison {unknown}
Potions
 a - 3 potions of magic
 b - 5 potions of curing
 e - a potion of resistance {unknown}
 f - 2 potions of cancellation {unknown}
 g - 3 potions of haste
 h - 2 potions of ambrosia {unknown}
 i - 3 potions of attraction
 j - a potion of brilliance {unknown}
 l - 3 potions of degeneration {unknown}
 m - 5 potions of lignification
 n - a potion of mutation {unknown}
 q - 3 potions of heal wounds
 r - 2 potions of berserk rage {unknown}
 v - a potion of invisibility {unknown}
 z - 2 potions of might {unknown}
 I - a potion of flight {unknown}


   Skills:
 + Level 8.1 Fighting
 - Level 2.0 Dodging
 - Level 4.5 Stealth
 - Level 5.0 Shields
 + Level 7.7 Spellcasting
 - Level 3.4 Conjurations
 - Level 2.1 Transmutations
 - Level 5.0 Earth Magic
 + Level 5.4 Invocations


You had 12 spell levels left.
You knew the following spells:

 Your Spells              Type           Power      Damage    Failure   Level
a - Inner Flame           Hex/Fire       8%         N/A       26%         3
d - Petrify               Tmut/Erth      25%        N/A       21%         4
s - Stone Arrow           Conj/Erth      56%        3d10      4%          3
w - Passwall              Tmut/Erth      20%        N/A       3%          2

Your spell library contained the following spells:

 Spells                   Type           Power      Damage    Failure   Level
 Sandblast                Erth           64%        2d14      1%          1
 Cause Fear               Hex            4%         N/A       65%         4
 Malign Gateway           Summ/Tloc      4%         N/A       100%        7
 Discord                  Hex            4%         N/A       100%        8
 Summon Horrible Things   Summ           4%         N/A       100%        8


Dungeon Overview and Level Annotations

Branches:
Dungeon (9/15)             Temple (0/1) D:4         Ossuary (visited)
   Lair: D:8-11         Orc: D:9-12

Altars:
Ashenzari
Cheibriados
Dithmenos
Fedhas
Sif Muna
Trog
Wu Jian
Zin

Shops:
D:5 [

Annotations:
D:8 exclusion: moth of wrath


Innate Abilities, Weirdness & Mutations

You cannot wear most types of armour.
You are amphibious.
You can wear up to eight rings at the same time.
Your skin changes colour to match your surroundings (Stealth+).
Your rubbery body absorbs attacks. (AC +1, EV +1)
((You are camouflaged when in or above water. (Stealth+)))
You have tentacles for arms and can constrict up to eight enemies at once.


Message History

The radroach resists with almost no effort.
Casting: Petrify (dangerous; 21% risk of failure)
Confirm with . or Enter, or press ? or * to list all spells.
Aiming: Petrify (dangerous; 21% risk of failure)
Press: ? - help, Shift-Dir - straight line, f/p - radroach
Aim: a radroach (chance to affect: 23%)
The radroach resists with almost no effort.
The radroach bites you! The radroach claws you!
Casting: Petrify (dangerous; 21% risk of failure)
Confirm with . or Enter, or press ? or * to list all spells.
Aiming: Petrify (dangerous; 21% risk of failure)
Press: ? - help, Shift-Dir - straight line, f/p - radroach
Aim: a radroach (chance to affect: 23%)
The radroach resists with almost no effort.
The radroach bites you! You block the radroach's attack.
Casting: Petrify (dangerous; 21% risk of failure)
Confirm with . or Enter, or press ? or * to list all spells.
Aiming: Petrify (dangerous; 21% risk of failure)
Press: ? - help, Shift-Dir - straight line, f/p - radroach
Aim: a radroach (chance to affect: 23%)
You miscast Petrify.
You are very lightly contaminated with residual magic.
Nothing appears to happen.
The radroach misses you. The radroach claws you.
Casting: Petrify (dangerous; 21% risk of failure)
Confirm with . or Enter, or press ? or * to list all spells.
Aiming: Petrify (dangerous; 21% risk of failure)
Press: ? - help, Shift-Dir - straight line, f/p - radroach
Aim: a radroach (chance to affect: 23%)
The radroach resists with almost no effort.
The radroach closely misses you. The radroach claws you!
You are too injured to fight recklessly!
Casting: Petrify (dangerous; 21% risk of failure)
Confirm with . or Enter, or press ? or * to list all spells.
Aiming: Stone Arrow (dangerous; 4% risk of failure)
Press: ? - help, Shift-Dir - straight line, f/p - radroach
Aim: a radroach (90% to hit)
The stone arrow hits the radroach but does no damage.
The radroach erupts in a fountain of uncontrolled magic!
You are blasted with magical radiation!!
You die...

########################
....>..................#
.......................#
#...............###....#
#.................$....#
#......................#
..................<....#
##########......B......#
.........#......@#####.#
.........#.###...# #
.........#.......# #
######...#.......#####.#
#####.............#
###'#####.......# # #
#.......#.......#
#)##+##.......#.......#
+[#..8#.......'.#####.#


You could see a radroach.

Vanquished Creatures
  A two-headed ogre (D:9)
  A troll (D:9)
  Prince Ribbit (D:6)
  Sigmund (D:2)
  A wraith (D:9)
  A steam dragon (D:8)
  Menkaure (Ossuary)
  A water moccasin (D:8)
  2 ice beasts (D:7)
  An ogre (D:5)
  3 black bears
  3 centaurs
  A kobold brigand (D:8)
  A gnoll sergeant (D:8)
  2 necrophages (D:8)
  5 bullfrogs
  2 scorpions
  11 wights
  7 howler monkeys
  3 hounds
  Crazy Yiuf (D:2)
  Ijyb (D:3)
  Natasha (twice) (D:2)
  3 iguanas
  4 orc wizards
  3 mummies (Ossuary)
  8 adders
  20 gnolls
  A shadow imp (D:6)
  A white imp (D:8)
  2 ufetubi
  A worm (D:8)
  6 dart slugs
  10 orcs
  9 endoplasms
  A giant cockroach (D:1)
  7 gnoll zombies (Ossuary)
  6 goblins
  9 hobgoblins
  A quokka (D:4)
  11 ball pythons
  7 bats
  10 frilled lizards
  2 gnoll skeletons (Ossuary)
  5 goblin skeletons (Ossuary)
  3 goblin zombies (Ossuary)
  7 hobgoblin skeletons (Ossuary)
  3 hobgoblin zombies (Ossuary)
  15 kobolds
  2 kobold skeletons (Ossuary)
  3 kobold zombies (Ossuary)
  7 orc skeletons (Ossuary)
  6 orc zombies (Ossuary)
  10 rats
  2 rat skeletons (Ossuary)
  3 rat zombies (Ossuary)
241 creatures vanquished.

Notes
Turn   | Place    | Note
-------+----------+-------------------------------------------
     0 | D:1      | bobo the Octopode Earth Elementalist began the quest for
                  | the Orb.
     0 | D:1      | Reached XP level 1. HP: 11/11 MP: 3/3
   131 | D:1      | Reached XP level 2. HP: 18/18 MP: 1/5
   134 | D:1      | Learned a level 2 spell: Passwall
   505 | D:1      | Reached skill level 1 in Fighting
   577 | D:1      | Reached XP level 3. HP: 23/23 MP: 4/6
  1100 | D:2      | Identified the +2 robe of Hoynlawn {rF- Str+2 Int+3 Slay+3}
  1113 | D:2      | Learned a level 3 spell: Stone Arrow
  1212 | D:2      | Noticed Natasha
  1222 | D:2      | Killed Natasha
  1223 | D:2      | Reached XP level 4. HP: 24/28 MP: 4/7
  1630 | D:2      | Found a runed translucent door.
  1631 | D:2      | Noticed Crazy Yiuf
  1638 | D:2      | Killed Crazy Yiuf
  1639 | D:2      | Reached skill level 1 in Conjurations
  1640 | D:2      | Identified the +6 hammer "Zashrax" {holy, *Rage rF- MP+9
                  | Dex+8}
  1645 | D:2      | Identified the +9 hammer "Tayler" {freeze, rF+ Str+3 Int-4}
  1762 | D:2      | Noticed Natasha
  1765 | D:2      | Killed Natasha
  1766 | D:2      | Reached XP level 5. HP: 17/34 MP: 9/9
  1834 | D:2      | Noticed Sigmund
  2006 | D:3      | Reached skill level 2 in Fighting
  2104 | D:3      | Noticed Ijyb
  2106 | D:3      | Killed Ijyb
  2198 | D:3      | Learned a level 4 spell: Petrify
  2438 | D:3      | Reached XP level 6. HP: 40/40 MP: 10/10
  2991 | D:4      | Found a broken altar of Ashenzari.
  3058 | D:4      | Found a shimmering blue altar of Sif Muna.
  3086 | D:4      | Became a worshipper of Sif Muna the Loreminder
  3503 | D:4      | Found a staircase to the Ecumenical Temple.
  3632 | D:4      | Noticed a black bear
  3862 | D:2      | Killed Sigmund
  3863 | D:2      | Reached skill level 3 in Fighting
  3863 | D:2      | Reached skill level 1 in Invocations
  3863 | D:2      | Reached XP level 7. HP: 46/46 MP: 12/12
  3936 | D:2      | Found a bloodstained altar of Trog.
  4200 | D:5      | Entered Level 5 of the Dungeon
  4851 | D:5      | Identified the +8 mace "Biliteg" {vamp, rElec rC+}
  5133 | D:5      | Found Niogokit's Armour Shop.
  5138 | D:5      | Bought a +0 buckler for 54 gold pieces
  5288 | D:5      | Reached * piety under Sif Muna
  5491 | D:5      | Reached XP level 8. HP: 53/54 MP: 12/14
  5494 | D:5      | Reached skill level 5 in Earth Magic
  5661 | D:6      | Noticed Prince Ribbit
  5947 | D:6      | Reached skill level 4 in Fighting
  5947 | D:6      | Reached skill level 1 in Shields
  6544 | D:6      | Reached skill level 5 in Fighting
  6544 | D:6      | Reached skill level 5 in Spellcasting
  6548 | D:6      | Noticed a two-headed ogre
  6609 | D:6      | Killed Prince Ribbit
  6610 | D:6      | Reached XP level 9. HP: 61/61 MP: 12/17
  7282 | D:7      | Found a sand-covered staircase.
  7287 | Ossuary  | Entered an ossuary
  7516 | Ossuary  | Reached ** piety under Sif Muna
  8231 | Ossuary  | Reached *** piety under Sif Muna
  8310 | Ossuary  | Noticed Menkaure
  8364 | Ossuary  | Killed Menkaure
  8365 | Ossuary  | Reached skill level 6 in Fighting
  9110 | D:7      | Reached skill level 5 in Shields
  9180 | D:7      | Found a shadowy altar of Dithmenos.
  9180 | D:7      | Found a blossoming altar of Fedhas.
  9180 | D:7      | Found a snail-covered altar of Cheibriados.
  9830 | D:8      | Noticed a moth of wrath
  9833 | D:8      | Found a bloodstained altar of Trog.
  9914 | D:8      | Reached **** piety under Sif Muna
 10145 | D:8      | Reached skill level 7 in Fighting
 10283 | D:8      | Reached XP level 10. HP: 71/71 MP: 14/20
 10541 | D:8      | Found an ornate altar of the Wu Jian Council.
 10750 | D:8      | Learned a level 3 spell: Inner Flame
 11071 | D:9      | Found a glowing silver altar of Zin.
 11209 | D:9      | Noticed a two-headed ogre
 11234 | D:9      | Noticed a centaur warrior
 11267 | D:9      | Noticed a sea snake
 11543 | D:9      | Noticed a two-headed ogre
 11550 | D:9      | Killed a two-headed ogre
 11551 | D:9      | Reached skill level 8 in Fighting
 11551 | D:9      | Reached skill level 5 in Invocations
 11676 | D:9      | Noticed a radroach
 11682 | D:9      | Mangled by a radroach (shapeshifter)

Illustrated notes

Levels and vault maps discovered:
D:1:      lemuel_arrival_behind_the_door_small, layout_basic,
          minmay_split_cup_small
D:2:      layout_loops_cross, basic_altar, kennysheep_generic_room_14,
          uniq_natasha, uniq_crazy_yiuf_cottage, uniq_sigmund
D:3:      layout_basic, minmay_misc_feat_doors, uniq_ijyb
D:4:      black_bear_nest_1, layout_basic, kennysheep_orc_sif_temple,
          kennysheep_mini_moat, minmay_temple_entry_waves
D:5:      layout_basic, serial_shops, nicolae_shop_advertising_works
          [nicolae_subvault_shop_adworks], water_maze_lemuel
D:6:      layout_basic, uniq_prince_ribbit1
D:7:      layout_basic, gammafunk_temple_overflow_forgotten, enter_ossuary_1,
          kennysheep_decorative_pillar, minmay_unpleasant_kobolds
D:8:      layout_loops_ring, nicolae_wu_jian_wuxing_cycle, tgw_trog,
          kennysheep_small_square
D:9:      minmay_chambers_of_sixes, layout_stronghold,
          mainiacjoe_overflow_chevrons, lemuel_crystal_altar

Skill      XL: |  1  2  3  4  5  6  7  8  9 10 |
---------------+-------------------------------+-----
Stealth        | 3 4 |  4.5
Fighting       | 1 2 3 5 7 8 |  8.1
Conjurations   | 1 2 3 |  3.4
Spellcasting   | 3 4 5 6 7 |  7.7
Earth Magic    | 4 5 |  5.0
Invocations    | 1 3 5 |  5.4
Transmutations | 2 |  2.1
Shields        | 3 5 |  5.0
Dodging        | |  2.0

Action                     |  1- 3 |  4- 6 |  7- 9 | 10-12 || total
---------------------------+-------+-------+-------+-------++-------
  Melee: Unarmed           |     9 |       |       |       ||     9
         Tentacles         |     4 |       |     2 |       ||     6
         Constrict         |     2 |       |     5 |     1 ||     8
         Mace              |       |       |    26 |     3 ||    29
   Cast: Sandblast         |    51 |    45 |    12 |       ||   108
         Stone Arrow       |       |    30 |   177 |    40 ||   247
         Passwall          |       |       |    19 |     1 ||    20
         Petrify           |       |       |       |     5 ||     5
  Evoke: Wand              |       |       |     1 |       ||     1
    Use: Scroll            |       |       |    12 |     1 ||    13
 Armour: Skin              |     3 |     1 |       |       ||     4
  Dodge: Dodged            |     9 |     3 |    41 |    11 ||    64
  Block: Buckler           |       |       |    19 |     7 ||    26

Table legend: (Time is in decaauts)
 A = Elapsed time spent in this place.
 B = Non-inter-level travel time spent in this place.
 C = Inter-level travel time spent in this place.
 D = Time resting spent in this place.
 E = Time spent auto-exploring this place.
 F = Levels seen in this place.
 G = Mean time per level.
                   A        B        C        D        E       F      G
               +--------+--------+--------+--------+--------+-----+--------+
         Total |  11791 |  11283 |    508 |   1384 |   8086 |  10 | 1179.1 |
       Dungeon |  10417 |   9909 |    508 |   1112 |   7287 |   9 | 1157.4 |
       Ossuary |   1373 |   1373 |      0 |    272 |    799 |   1 | 1373.0 |
               +--------+--------+--------+--------+--------+-----+--------+

Top non-repeatable levels by time:
     D:5: 1695 daAuts
     D:8: 1595 daAuts
 Ossuary: 1373 daAuts
     D:6: 1236 daAuts
     D:7: 1115 daAuts
     D:4: 1111 daAuts
     D:1: 1076 daAuts
     D:2: 1051 daAuts
     D:3: 1008 daAuts
     D:9: 526 daAuts
